cohdb
Replays
Latest Replays
All Replays
Popular Replays
Top Player Replays
Match Explorer
How It Works
Community
CoH3 Stats
Reddit
Sign in to upload your games and track your stats! →
Sign in with Steam
Match 47020043
Unlisted
Match 47020043
Overview
Messages
Build Orders
End
Construct Infanterie Kompanie
MG 42 Machine Gun Team
Grenadier Squad
Grenadier Squad
Selects Terror Battlegroup
Selects Machine Gun Camouflage
Grenadier Squad
Infanterie Officer Quarters
Construct Panzergrenadier Kompanie
251 Medium Carrier
Pioneer Squad
Panzergrenadier Squad
Pak 40 Anti-tank Gun Team
Pak 40 Anti-tank Gun Team
Selects No Quarter
Selects No Quarter
Construct Panzer Kompanie
Panzer IV Medium Tank
Panzer IV Medium Tank
단팥붕어빵
welnez
Konrad Curze
FLOKL
Raiden
【POW】游骑
WHAT CAN I SAY?
Major, Hou, Yu-Ih
0
0
Comments
sign in to comment!
No comments posted yet!